AoeStats
← Sparten gio

Black Forest

503996020Analyzed
3v3 RM · 29d ago on Sep 3, 2026· 12m 14s· 6 players
Game mode
Random Map
Map size
Normal (6 player)
Population
200
Speed
Normal
Resources
Standard
Victory
Conquest
Starting age
Dark Age
Ending age
Imperial Age
RankedLock teamsTeams togetherTeam positionsShared explorationLock speedFull tech treeHidden civsTurbo modeCheats
Victory
Defeat
🇺🇸 Burgundians · United States
862
+16
🇮🇩 Celts · Indonesia
820
+18
🇨🇿 Britons · Czechia
728
+21
🇺🇿 Mongols · Uzbekistan
927
-21
🇺🇿 Spanish · Uzbekistan
835
-17
🇪🇸 Japanese · Spain
829
-17
Matouš10CZ
0:31 Loom
9:57 Feudal Age
Sparten gio
1:09 Loom
oos
0:30 Loom
12:51 Feudal Age
Hunter
0:39 Loom
12:37 Feudal Age
josehgx
0:29 Loom
ABOBUS
Connection lost

Rejoining the realm…

Still unreachable

The connection could not be restored.

Session expired

The server has moved on; the page needs a fresh start.